 Dungeon Crawl Stone Soup version 0.30-a0-852-g08b95dd62f (webtiles) character file.

Game seed: 17309692730850958724

28 BubbleThief the Trooper (level 3, -5/29 HPs)
             Began as a Demonspawn Fighter on Mar 4, 2023.
             Slain by Jessica
             ... wielding a +2 spectral club
              (6 damage)
             ... on level 2 of the Dungeon.
             The game lasted 00:01:07 (719 turns).

BubbleThief the Trooper (Demonspawn Fighter)         Turns: 719, Time: 00:01:07

Health: -5/29      AC:  6    Str: 18    XL:     3   Next: 0%
Magic:  3/3        EV: 14    Int:  9    God:
Gold:   17         SH:  4    Dex: 12    Spells: 2/2 levels left

rFire   . . .      SeeInvis .    a - +0 trident
rCold   . . .      Faith    .    c - +0 buckler
rNeg    . . .      Spirit   .    b - +0 scale mail
rPois   .          Reflect  .    (helmet restricted)
rElec   .          Rampage  .    (no cloak)
rCorr   .                        (no gloves)
Will    .....                    (no boots) Stlth
                                 (no amulet)
HPRegen 0.24/turn                j - ring of flight
MPRegen 0.08/turn                k - +5 ring of evasion

@: flying, slowed, very slow
A: antennae 1
a: no special abilities


You were on level 2 of the Dungeon.
You visited 1 branch of the dungeon, and saw 2 of its levels.

You collected 17 gold pieces.

Inventory:

Hand Weapons
 a - a +0 trident (weapon)
Armour
 b - a +0 scale mail (worn)
 c - a +0 buckler (worn)
Jewellery
 j - a ring of flight (left hand)
 k - a +5 ring of evasion (right hand)
Scrolls
 f - a scroll of fear {unknown}
 h - 2 scrolls of identify {unknown}
 i - a scroll of teleportation {unknown}
Potions
 d - a potion of might
 e - 2 potions of lignification {unknown}
 g - a potion of haste {unknown}


   Skills:
 + Level 3.3 Fighting
 + Level 2.2 Polearms
 + Level 3.0 Armour
 + Level 3.0 Shields


You had 2 spell levels left.
You didn't know any spells.
Your spell library was empty.

Dungeon Overview and Level Annotations

Branches:
Dungeon (2/15)

Altars:

Annotations:
D:2 Jessica


Innate Abilities, Weirdness & Mutations

You have a pair of small antennae on your head.


Message History

The endoplasm freezes you.
You are frozen.
You are too injured to fight recklessly!
You are too injured to fight recklessly!
You are too injured to fight recklessly!
You hit the endoplasm.
You kill the endoplasm!
You puncture the goblin!
You kill the goblin!
You have reached level 3!
Your experience leads to an increase in your attributes!
Increase (S)trength, (I)ntelligence, or (D)exterity?
You feel stronger. x2
Things that are here:
a +0 dagger; a +0 dagger; a goblin corpse Jessica the Apprentice Sorceress comes into view.
She is wielding a +2 spectral club.
Jessica shouts!
Found a chain mail.
Jessica points at you and mumbles some strange words.
You feel yourself slow down.
You see here a staff of cold.
A rat comes into view.
You reach to attack!
You hit Jessica but do no damage. Jessica gestures at you while chanting.
Pain shoots through your body!
You hit Jessica.
Jessica is lightly wounded.
Jessica mumbles some strange words.
Jessica seems to speed up.
You hit Jessica.
Jessica is moderately wounded.
Jessica points at you and mumbles some strange words.
Pain shoots through your body!
Jessica hits you with a +2 spectral club.
Jessica gestures at you while chanting. Pain shoots through your body!
* * * LOW HITPOINT WARNING * * *
You barely miss Jessica.
Jessica hits you with a +2 spectral club.
You die...

#.#.###.#.# .# ..
#.#....<#.# #.###.#
#.#####.#.# .......
#.......#.# .......
####...##.# [......
#######...##.#######.......
............>......#.......
#######...##.......|.......
#...#..#..@@.........
#...#.##)####........
#####................
#..................
#.##............### #.
.......).###... #
##...!....# .r. #........#
#........#


You could see Jessica (fast).

Vanquished Creatures
  7 endoplasms
  3 goblins
  3 hobgoblins
  A kobold (D:1)
  A quokka (D:2)
  5 ball pythons (D:1)
  2 bats (D:1)
  3 rats
25 creatures vanquished.

Notes
Turn   | Place    | Note
-------+----------+-------------------------------------------
     0 | D:1      | BubbleThief the Demonspawn Fighter began the quest for the
                  | Orb.
     0 | D:1      | Reached XP level 1. HP: 18/18 MP: 1/1
   195 | D:1      | Gained mutation: You have a pair of small antennae on your
                  | head. [demonic ancestry]
   195 | D:1      | Reached XP level 2. HP: 24/24 MP: 2/2
   707 | D:2      | Reached XP level 3. HP: 14/29 MP: 3/3
   710 | D:2      | Noticed Jessica
   718 | D:2      | HP: 1/29 [Jessica/nerve-wracking pain (10)]
   719 | D:2      | Slain by Jessica

Illustrated notes

Levels and vault maps discovered:
D:1:      dpeg_arrival_solitude, layout_basic
D:2:      layout_basic, chequers_decorated_corner, small_statue_intersection,
          uniq_jessica

Skill      XL: |  1  2 |
---------------+-------+-----
Polearms       | 2 |  2.2
Shields        | 3 |  3.0
Armour         | 3 |  3.0
Fighting       | |  3.3

Action                     || total
---------------------------++-------
  Melee: Trident           ||    64
 Armour: Scale mail        ||    17
  Dodge: Dodged            ||    16
  Block: Buckler           ||     8

Table legend: (Time is in decaauts)
 A = Elapsed time spent in this place.
 B = Non-inter-level travel time spent in this place.
 C = Inter-level travel time spent in this place.
 D = Time resting spent in this place.
 E = Time spent auto-exploring this place.
 F = Levels seen in this place.
 G = Mean time per level.
                   A        B        C        D        E       F      G
               +--------+--------+--------+--------+--------+-----+--------+
         Total |    735 |    703 |     32 |      0 |    561 |   2 |  367.5 |
       Dungeon |    735 |    703 |     32 |      0 |    561 |   2 |  367.5 |
               +--------+--------+--------+--------+--------+-----+--------+

Top non-repeatable levels by time:
     D:1: 648 daAuts
     D:2: 87 daAuts
